 Dungeon Sprint DCSS version 0.25-a0-869-g05d4e06a41 (webtiles) character file.

Game seed: 8963488367412287548, levelgen mode: deterministic

5389 Conn the Eclecticist (level 10, -4/42 HPs)
             Began as a Deep Elf Wizard on May 1, 2020.
             Was a High Priest of Sif Muna.
             Splashed by an oklob plant's acid (17 damage)
             ... in the Dungeon (Sprint I: "Red Sonja").
             The game lasted 00:33:39 (1927 turns).

Conn the Eclecticist (Deep Elf Wizard)              Turns: 1927, Time: 00:33:40

Health: -4/42      AC:  4    Str:  4    XL:     10   Next: 39%
Magic:  23/35      EV: 15    Int: 31    God:    Sif Muna [*****.]
Gold:   393        SH:  0    Dex: 13    Spells: 7/48 levels left

rFire    . . .     SeeInvis .   i - +4 scythe
rCold    . . .     Gourm    .   (shield currently unavailable)
rNeg     . . .     Faith    .   o - +2 robe of Jeamimen {Int+4}
rPois    .         Spirit   .   b - +0 hat
rElec    .         Reflect  .   (no cloak)
rCorr    .         Harm     .   (no gloves)
MR       +....     NoTele   +   (no boots)
Stlth    +++.......             (no amulet)
HPRegen  0.14/turn              (no ring)
MPRegen  0.24/turn              (no ring)

@: no status effects
A: deterioration 1, frail 2, subdued magic 1
a: Channel Magic, Forget Spell, Divine Exegesis, Renounce Religion


You were in the Dungeon.
You worshipped Sif Muna.
Sif Muna was extremely pleased with you.
You were not hungry.

You visited 1 branch You collected 957 gold pieces.
You spent 564 gold pieces at shops.

Inventory:

Hand Weapons
 i - a +4 scythe (weapon)
 l - a +1 short sword of venom
Missiles
 g - 3 curare-tipped darts (quivered)
Armour
 a - a +0 robe
 b - a +0 hat (worn)
 o - the +2 robe of Jeamimen (worn) {Int+4}
   (You bought it in a shop in the Dungeon)

   It affects your intelligence (+4).
Wands
 c - a wand of flame (6)
 j - a wand of iceblast (10)
 m - a wand of paralysis (9)
Scrolls
 q - a scroll of fear
Potions
 e - 4 potions of curing
 f - 2 potions of heal wounds
 h - a potion of magic
Comestibles
 d - a ration


   Skills:
 + Level 2.1 Fighting
 + Level 4.1 Polearms
 + Level 2.1 Throwing
 + Level 5.7 Dodging
 - Level 5.0 Stealth
 - Level 19.6 Spellcasting
 * Level 9.0 Conjurations
 * Level 3.0 Charms
 - Level 10.8 Summonings
 + Level 4.3 Translocations
 * Level 3.5 Fire Magic
 + Level 4.6 Air Magic
 * Level 2.1 Earth Magic
 + Level 5.0 Poison Magic
 - Level 5.1 Invocations
 - Level 4.3 Evocations


You had 7 spell levels left.
You knew the following spells:

 Your Spells              Type           Power        Failure   Level  Hunger
a - Magic Dart            Conj           ####         0%          1    None
b - Blink                 Tloc           N/A          1%          2    None
c - Call Imp              Summ           ######..     0%          2    None
d - Conjure Flame         Conj/Fire      ######..     1%          3    None
e - Mephitic Cloud        Conj/Pois/Air  ######..     1%          3    None
f - Iskenderun's Battles  Conj/Chrm      ######..     1%          5    None
g - Bolt of Magma         Conj/Fire/Erth #####.....   3%          5    None
h - Spellforged Servitor  Conj/Summ      ######....   14%         7    ###....
i - Orb of Destruction    Conj           ######....   21%         7    ###....
j - Iron Shot             Conj/Erth      ######....   16%         6    None

Your spell library contained the following spells:

 Spells                   Type           Power        Failure   Level  Hunger
 Slow                     Hex            ###.....     1%          2    None


Dungeon Overview and Level Annotations

Branches:
Dungeon (1/1)

Altars:
Cheibriados
Dithmenos
Elyvilon
Fedhas
Gozag
Hepliaklqana
Kikubaaqudgha
Makhleb
Nemelex Xobeh
Okawaru
Qazlal
Ru
Sif Muna
Trog
Uskayaw
Vehumet
Wu Jian
Xom
Yredelemnul
Zin
The Shining One
Jiyva
Lugonu

Shops:
D }}*!=}[

Annotations:
D exclusion: oklob plant


Innate Abilities, Weirdness & Mutations

Your body sometimes deteriorates upon taking damage.
You are very frail. (-20% HP)
Your spells are a little easier to cast, but a little less powerful.


Message History

The spell is quite dangerous to cast (16% risk of failure)!
Continue anyway?
Aiming: Iron Shot (quite dangerous; 16% risk of failure)
Press: ? - help, Shift-Dir - straight line, f - oklob plant
Aim: an oklob plant (hasn't noticed you)
The iron shot hits the oklob plant!!
The oklob plant is heavily damaged.
The oklob plant spits acid at you. The splash of acid hits you!
You are splashed with acid!
Unknown command.
Casting: Iron Shot (quite dangerous; 16% risk of failure)
Confirm with . or Enter, or press ? or * to list all spells.
The spell is quite dangerous to cast (16% risk of failure)!
Continue anyway?
Aiming: Iron Shot (quite dangerous; 16% risk of failure)
Press: ? - help, Shift-Dir - straight line, f/p - oklob plant
Aim: an oklob plant (heavily damaged)
The iron shot hits the oklob plant!
The oklob plant is almost destroyed.
The oklob plant spits acid at you. The splash of acid hits you!
You are splashed with acid!
You die...

######################
..'5.#..'..#__#..))..#
..#.['..#..'..'..#...#
####'#####'#__####...+
###..#...#.####§§#####
__####..##[#§§§§@#..#
_____##'#_.§§≈§§§§§.#
_.∩...'..._#§§§.§#..#
_..__##_.#'##§#####'#
_____###'#.#(.§.###P+
########(####'###.###
......5...'))...'[∩#
'''####...##########
5...####.###


You could see an oklob plant.

Vanquished Creatures
  2 centaur warriors (D)
  Sonja (D)
  A nameless horror (D)
  A deep troll (D)
  A shining eye (D)
  2 kobold demonologists (D)
  A hornet (D)
  A slime creature (D)
  Sigmund (D)
  A yak (D)
  4 floating eyes (D)
  An ogre (D)
  A jelly (D)
  Ijyb (D)
19 creatures vanquished.

Vanquished Creatures (collateral kills)
  7 shining eyes (D)
  A floating eye (D)
8 creatures vanquished.

Vanquished Creatures (others)
  A gargoyle (D)
  2 ballistomycete spores (D)
3 creatures vanquished.

Grand Total: 30 creatures vanquished

Notes
Turn   | Place    | Note
-------+----------+-------------------------------------------
     0 | D        | Conn the Deep Elf Wizard began the quest for the Orb.
     0 | D        | Reached XP level 1. HP: 10/10 MP: 7/7
     1 | D        | Noticed Ijyb
    13 | D        | Killed a gargoyle
    17 | D        | Killed Ijyb
    17 | D        | Reached skill level 7 in Spellcasting
    17 | D        | Reached XP level 2. HP: 15/15 MP: 7/12
    24 | D        | Learned a level 2 spell: Blink
    27 | D        | Learned a level 2 spell: Call Imp
    30 | D        | Noticed an ogre
    52 | D        | Killed an ogre
    52 | D        | Reached skill level 10 in Spellcasting
    52 | D        | Reached XP level 3. HP: 16/19 MP: 1/16
    52 | D        | Reached XP level 4. HP: 21/24 MP: 1/18
    81 | D        | Learned a level 3 spell: Conjure Flame
    85 | D        | Learned a level 3 spell: Mephitic Cloud
   157 | D        | Noticed Sigmund
   164 | D        | Killed Sigmund
   164 | D        | Reached skill level 13 in Spellcasting
   164 | D        | Reached skill level 1 in Fire Magic
   164 | D        | Reached XP level 5. HP: 17/28 MP: 8/22
   265 | D        | Found an ornate altar of the Wu Jian Council.
   265 | D        | Found a shimmering blue altar of Sif Muna.
   267 | D        | Found a radiant altar of Vehumet.
   274 | D        | Reached skill level 5 in Dodging
   274 | D        | Reached XP level 6. HP: 31/32 MP: 19/24
   281 | D        | Became a worshipper of Sif Muna the Loreminder
   298 | D        | Found Vosheraf's Distillery.
   298 | D        | Found an ancient bone altar of Kikubaaqudgha.
   298 | D        | Found a hazy altar of Hepliaklqana.
   298 | D        | Found a stormy altar of Qazlal.
   298 | D        | Found a hide-covered altar of Uskayaw.
   298 | D        | Found a blossoming altar of Fedhas.
   298 | D        | Found a bloodstained altar of Trog.
   298 | D        | Found an iron altar of Okawaru.
   298 | D        | Found a basalt altar of Yredelemnul.
   298 | D        | Found a glowing golden altar of the Shining One.
   298 | D        | Found a snail-covered altar of Cheibriados.
   298 | D        | Found a sacrificial altar of Ru.
   298 | D        | Found a glowing silver altar of Zin.
   298 | D        | Found a shadowy altar of Dithmenos.
   298 | D        | Found a white marble altar of Elyvilon.
   298 | D        | Noticed a yak
   311 | D        | Killed a yak
   311 | D        | Reached skill level 14 in Spellcasting
   313 | D        | Found an opulent altar of Gozag.
   315 | D        | Found a sparkling altar of Nemelex Xobeh.
   319 | D        | Bought 2 potions of heal wounds for 130 gold pieces
   367 | D        | Found a burning altar of Makhleb.
   367 | D        | Found a viscous altar of Jiyva.
   367 | D        | Found a shimmering altar of Xom.
   367 | D        | Found a corrupted altar of Lugonu.
   367 | D        | Noticed a slime creature
   396 | D        | Killed a slime creature
   396 | D        | Reached skill level 15 in Spellcasting
   396 | D        | Reached skill level 5 in Summonings
   396 | D        | Reached XP level 7. HP: 20/37 MP: 12/28
   575 | D        | Noticed Sonja
   610 | D        | Killed Sonja
   610 | D        | Reached * piety under Sif Muna
   610 | D        | Reached skill level 1 in Polearms
   610 | D        | Reached skill level 16 in Spellcasting
   610 | D        | Reached skill level 1 in Air Magic
   610 | D        | Reached XP level 8. HP: 33/42 MP: 5/30
   777 | D        | Found Wuyschi's Gadget Boutique.
   785 | D        | Bought a wand of paralysis (9) for 121 gold pieces
   797 | D        | Noticed a deep troll
   808 | D        | Killed a deep troll
   808 | D        | Reached skill level 1 in Fighting
   808 | D        | Reached skill level 5 in Stealth
   808 | D        | Reached skill level 17 in Spellcasting
   808 | D        | Reached skill level 5 in Conjurations
   886 | D        | Found Kobaoloe's Armour Emporium.
   892 | D        | Bought the +2 robe of Jeamimen {Int+4} for 313 gold pieces
   923 | D        | Noticed a centaur warrior
   923 | D        | Noticed a centaur warrior
   924 | D        | HP: 1/43 [centaur warrior/arrow (9)]
   942 | D        | Killed a centaur warrior
   942 | D        | Reached skill level 1 in Throwing
   942 | D        | Reached skill level 18 in Spellcasting
   942 | D        | Reached XP level 9. HP: 24/47 MP: 16/33
   945 | D        | Killed a centaur warrior
   945 | D        | Reached ** piety under Sif Muna
  1153 | D        | Noticed a kobold demonologist
  1153 | D        | Noticed a kobold demonologist
  1155 | D        | Paralysed by a floating eye for 4 turns
  1158 | D        | Reached skill level 1 in Invocations
  1162 | D        | Killed a kobold demonologist
  1172 | D        | Killed a kobold demonologist
  1207 | D        | Noticed a shining eye
  1207 | D        | Noticed a shining eye
  1207 | D        | Noticed a shining eye
  1220 | D        | Paralysed by a floating eye for 2 turns
  1227 | D        | Paralysed by a floating eye for 2 turns
  1228 | D        | Reached *** piety under Sif Muna
  1231 | D        | Paralysed by a floating eye for 3 turns
  1238 | D        | Paralysed by a floating eye for 2 turns
  1239 | D        | Noticed a shining eye
  1239 | D        | Noticed a shining eye
  1240 | D        | Reached skill level 19 in Spellcasting
  1241 | D        | Noticed a shining eye
  1242 | D        | Paralysed by a floating eye for 3 turns
  1249 | D        | Paralysed by a floating eye for 3 turns
  1255 | D        | Paralysed by a floating eye for 4 turns
  1315 | D        | Gained mutation: Your body sometimes deteriorates upon
                  | taking damage. [a shining eye]
  1317 | D        | Paralysed by a floating eye for 4 turns
  1327 | D        | Paralysed by a floating eye for 3 turns
  1327 | D        | Gained mutation: You are frail. (-10% HP) [a shining eye]
  1330 | D        | Gained mutation: Your spells are a little easier to cast,
                  | but a little less powerful. [a shining eye]
  1331 | D        | Noticed a shining eye
  1332 | D        | Paralysed by a floating eye for 3 turns
  1336 | D        | Paralysed by a floating eye for 3 turns
  1337 | D        | Gained mutation: You tend to lose your temper in combat. [a
                  | shining eye]
  1338 | D        | Lost mutation: You tend to lose your temper in combat. [a
                  | shining eye]
  1340 | D        | Killed a shining eye
  1340 | D        | Reached skill level 10 in Summonings
  1342 | D        | Paralysed by a floating eye for 4 turns
  1349 | D        | Paralysed by a floating eye for 3 turns
  1356 | D        | Paralysed by a floating eye for 4 turns
  1361 | D        | Reached **** piety under Sif Muna
  1384 | D        | Killed a shining eye
  1384 | D        | Reached XP level 10. HP: 47/47 MP: 33/35
  1421 | D        | Killed a shining eye
  1432 | D        | Killed a shining eye
  1436 | D        | Killed a shining eye
  1436 | D        | Reached ***** piety under Sif Muna
  1436 | D        | Reached skill level 5 in Invocations
  1459 | D        | Killed a shining eye
  1459 | D        | Received a gift from Sif Muna
  1469 | D        | Learned a level 5 spell: Iskenderun's Battlesphere
  1478 | D        | Learned a level 5 spell: Bolt of Magma
  1486 | D        | Learned a level 7 spell: Spellforged Servitor
  1494 | D        | Learned a level 7 spell: Orb of Destruction
  1501 | D        | Learned a level 6 spell: Iron Shot
  1508 | D        | Noticed a shining eye
  1509 | D        | Gained mutation: You are very frail. (-20% HP) [a shining
                  | eye]
  1542 | D        | Killed a shining eye
  1542 | D        | Reached skill level 1 in Charms
  1542 | D        | Reached skill level 1 in Earth Magic
  1542 | D        | Reached skill level 5 in Poison Magic
  1560 | D        | Killed a shining eye
  1586 | D        | Found Wyhe's Gadget Shoppe.
  1586 | D        | Found Batusir's Jewellery Shop.
  1586 | D        | Found Uclui's Assorted Antiques.
  1586 | D        | Found Ydakhlety's Gadget Boutique.
  1708 | D        | Noticed an oklob plant
  1757 | D        | Noticed a nameless horror
  1762 | D        | Killed a nameless horror
  1927 | D        | Splashed by an oklob plant's acid

Levels and vault maps discovered:
D:        dungeon_sprint_1 [red_sonja_temple_1, red_sonja_temple_small_1]

Skill      XL: |  1  2  3  4  5  6  7  8  9 10 |
---------------+-------------------------------+-----
Dodging        | 3 4 5 |  5.7
Stealth        | 3 4 5 |  5.0
Spellcasting   | 7 10 13 15 16 18 19 | 19.6
Summonings     | 2 3 4 5 7 9 10 | 10.8
Conjurations   | 2 3 4 6 8 9 |  9.0
Translocations | 2 3 4 |  4.3
Fire Magic     | 1 2 3 |  3.5
Polearms       | 1 2 3 4 |  4.1
Air Magic      | 1 3 4 |  4.6
Poison Magic   | 2 3 4 5 |  5.0
Evocations     | 2 3 4 |  4.3
Fighting       | 1 2 |  2.1
Throwing       | 1 2 |  2.1
Invocations    | 4 5 |  5.1
Charms         | 3 |  3.0
Earth Magic    | 2 |  2.1

Action                   |  1- 3 |  4- 6 |  7- 9 | 10-12 || total
-------------------------+-------+-------+-------+-------++-------
Melee: Unarmed           |    13 |       |       |       ||    13
       Scythe            |       |     2 |    30 |       ||    32
Throw: Dart              |       |       |     4 |       ||     4
 Cast: Call Imp          |     8 |     7 |    18 |    13 ||    46
       Magic Dart        |     2 |    14 |    19 |       ||    35
       Blink             |     1 |       |     1 |       ||     2
       Mephitic Cloud    |       |     2 |    17 |     1 ||    20
       Conjure Flame     |       |     2 |     3 |       ||     5
       Bolt of Magma     |       |       |       |     4 ||     4
       Iron Shot         |       |       |       |     2 ||     2
       Iskenderun's Batt |       |       |       |     1 ||     1
Evoke: Wand              |       |       |     8 |       ||     8
  Use: Potion            |     3 |       |     3 |       ||     6
       Scroll            |       |       |     4 |       ||     4
 Stab: Confused          |       |       |     1 |       ||     1
  Eat: Ration            |       |       |       |     1 ||     1
Armor: Robe              |       |       |     2 |       ||     2
Dodge: Dodged            |     2 |       |     5 |       ||     7

Table legend:
 A = Non-vault XP
 B = Vault XP
 C = Vault XP percentage of total XP
 D = Non-vault monster count
 E = Vault monster count
 F = Vault count percentage of total count
                 A         B        C        D         E       F
            +---------+---------+-------+---------+---------+-------
      Total |       0 |    7699 | 100.0 |       0 |      26 | 100.0
            +---------+---------+-------+---------+---------+-------
          D |       0 |    7699 | 100.0 |       0 |      26 | 100.0
            +---------+---------+-------+---------+---------+-------
